 Dungeon Crawl Stone Soup version 0.27.0-1-g7a089689b8 (webtiles) character file.

Game seed: 11028362248006377844

70 ketsa the Chopper (level 4, -5/39 HPs)
             Began as a Minotaur Berserker on Aug 2, 2021.
             Was a Believer of Trog.
             Killed from afar by Natasha (11 damage)
             ... with a puff of flame
             ... on level 2 of the Dungeon.
             The game lasted 00:04:43 (1957 turns).

ketsa the Chopper (Minotaur Berserker)              Turns: 1957, Time: 00:04:43

Health: -5/39      AC:  2    Str: 22    XL:     4   Next: 4%
Magic:  3/3        EV: 12    Int:  4    God:    Trog [**....]
Gold:   29         SH:  0    Dex: 10    Spells: 3/3 levels left

rFire    . . .     SeeInvis .   a - +0 hand axe
rCold    . . .     Faith    .   (no shield)
rNeg     . . .     Spirit   .   b - +0 animal skin
rPois    .         Reflect  .   (helmet restricted)
rElec    .         Harm     .   (no cloak)
rCorr    .         Rampage  .   (no gloves)
Will     .....                  (no boots)
Stlth    +.........             (no amulet)
HPRegen  0.13/turn              (no ring)
MPRegen  0.08/turn              (no ring)

@: slowed, very slow
A: horns 2, retaliatory headbutt
a: Renounce Religion, Berserk, Trog's Hand


You were on level 2 of the Dungeon.
You worshipped Trog.
Trog was pleased with you.
You visited 1 branch of the dungeon, and saw 2 of its levels.

You collected 29 gold pieces.

Inventory:

Hand Weapons
 a - a +0 hand axe (weapon)
 f - a +0 hunting sling
Missiles
 k - 8 poisoned darts (quivered)
Armour
 b - a +0 animal skin (worn)
 e - a +0 scale mail
 h - a +0 helmet
Scrolls
 g - a scroll of identify {unknown}
Potions
 c - a potion of heal wounds {unknown}
 d - a potion of haste {unknown}
 i - a potion of magic {unknown}
 j - a potion of attraction {unknown}
 l - a potion of invisibility {unknown}


   Skills:
 - Level 3.6 Fighting
 * Level 5.3 Axes
 + Level 3.5 Armour
 - Level 2.1 Dodging


You had 3 spell levels left.
You didn't know any spells.
Your spell library was empty.

Dungeon Overview and Level Annotations

Branches:
Dungeon (2/15)

Altars:
Uskayaw

Annotations:
D:2 Natasha


Innate Abilities, Weirdness & Mutations

You have a pair of horns on your head.
You reflexively headbutt those who attack you in melee.


Message History

The hobgoblin shouts!
The hobgoblin barely misses you. You furiously retaliate!
You headbutt the hobgoblin. You closely miss the hobgoblin.
Your headbutt misses the hobgoblin.
The hobgoblin is heavily wounded.
The hobgoblin barely misses you. You furiously retaliate!
You headbutt the hobgoblin!
You kill the hobgoblin!
Trog accepts your kill.
No target in view!
No target in view!
No target in view!
You see here a hobgoblin corpse.
Found 8 poisoned darts.
j - a green potion You see here 8 poisoned darts.
k - 8 poisoned darts
l - a cyan potion
Found 17 stones.
Natasha hisses angrily.
Natasha zaps a wand.
The puff of flame hits you!
Natasha zaps a wand.
The puff of flame hits you.
You open the door.
Natasha zaps a wand.
The puff of flame hits you!
There is an open door here.
Natasha zaps a wand.
The puff of flame hits you!
* * * LOW HITPOINT WARNING * * *
You close the door.
Something unseen opens the door.
Natasha stares at you and mumbles some strange words.
The magic dart hits you!
* * * LOW HITPOINT WARNING * * *
A bat comes into view.
Natasha zaps a wand.
The puff of flame misses you.
The bat moves out of view.
The bat misses you. You furiously retaliate!
You headbutt the bat.
You kill the bat!
Trog accepts your kill. Natasha casts a spell at you.
You feel yourself slow down.
Natasha zaps a wand.
The puff of flame hits you!
You die...

##..............#.#......#
#..........h##.#.# #.h#
#...........##.#.. #..##
#..........†##.### ##...####
#...........##.# #.......#
##.≈≈≈≈≈.....#.# #.......#
#.≈###≈####.#.# #.......#
##≈≈≈≈≈# #.#h######'##..##
#≈≈#≈≈## #@#......h.###.#
#≈≈#≈≈.# ##############.###
#######≈≈#≈≈.###.................
.....##≈≈≈≈≈...#...............##
....†#.≈###≈##.#.................
.....#.≈≈≈≈≈##.#................#
.......####....#................#
.....#.# #.####.#####.####.###..
.....#.####.# #.# #.# #.###..


You could see Natasha.

Vanquished Creatures
  A hound skeleton (D:2)
  Robin (D:1)
  A worm (D:2)
  A dart slug (D:1)
  3 endoplasms (D:1)
  A giant cockroach (D:1)
  10 goblins
  6 hobgoblins
  A quokka (D:2)
  7 bats
  2 frilled lizards
  3 kobolds (D:1)
  2 rats (D:1)
39 creatures vanquished.

Notes
Turn   | Place    | Note
-------+----------+-------------------------------------------
     0 | D:1      | ketsa the Minotaur Berserker began the quest for the Orb.
     0 | D:1      | Reached XP level 1. HP: 19/19 MP: 0/0
   127 | D:1      | Reached skill level 4 in Axes
   253 | D:1      | Reached XP level 2. HP: 26/26 MP: 1/1
   773 | D:1      | Found a faded altar of an unknown god.
   833 | D:2      | Found a hide-covered altar of Uskayaw.
   854 | D:2      | Noticed Natasha
   939 | D:2      | Noticed Robin
  1049 | D:1      | Reached XP level 3. HP: 20/31 MP: 2/2
  1426 | D:1      | Reached ** piety under Trog
  1474 | D:1      | Killed Robin
  1580 | D:2      | Reached skill level 5 in Axes
  1726 | D:2      | Reached XP level 4. HP: 39/39 MP: 3/3
  1957 | D:2      | Killed from afar by Natasha

Illustrated notes

Levels and vault maps discovered:
D:1:      lightli_arrival_chessboard, layout_loops_ring,
          dilly_ecumenical_altar_fadedgnrine, st_stairs_1,
          minmay_misc_feat_diagonals
D:2:      layout_basic, basic_altar, minmay_crystal_water, uniq_natasha,
          uniq_robin

Skill      XL: |  1  2  3 |
---------------+----------+-----
Axes           | 4 5 |  5.3
Armour         | 3 |  3.5
Fighting       | |  3.6
Dodging        | |  2.1

Action                   |  1- 3 |  4- 6 || total
-------------------------+-------+-------++-------
Melee: Hand axe          |    70 |     1 ||    71
       Headbutt          |    10 |       ||    10
Invok: Berserk           |     1 |       ||     1
Armor: Animal skin       |    22 |       ||    22
Dodge: Dodged            |    57 |     4 ||    61
